WLB
SAN FRANCISCO GIANTS @ SEATTLE MARINERS
04/27/2024
 
TOP OF THE 1ST
San Francisco Giants batting - Pitching for Seattle Mariners : RHP Luis Severino
Pitching: RHP Luis Severino
Batting: RHB Marcus Semien 0-0: Foul Ball, location: 2F
0-1: Ball
1-1: Ball
2-1: Reached on error, E6 (Groundball, 6, EV 98.8 MPH)
Batting: RHB Mookie Betts 0-0: SINGLE (Line Drive, 8LS, EV 97.5 MPH)
Marcus Semien to second
Batting: LHB Triston Casas 0-0: Ball
1-0: Foul Ball, location: 5F
1-1: Called Strike
1-2: Ball
2-2: Foul Ball, location: 7LDF
2-2: Ball
3-2: Grounds into double play, 4-6-3 (Groundball, 4M, EV 103.1 MPH)
Marcus Semien to third
Batting: SHB Francisco Lindor 0-0: Ball
1-0: Fly out, F6 (Popup, 6MD, EV 63.1 MPH)
Top of the 1st over - 0 runs, 1 hit, 1 error, 1 left on base; San Francisco 0 - Seattle 0
BOTTOM OF THE 1ST
Seattle Mariners batting - Pitching for San Francisco Giants : LHP Jeffrey Springs
Pitching: LHP Jeffrey Springs
Batting: SHB Greg Allen 0-0: Ball
1-0: Hit by Pitch
Batting: RHB Yairo Munoz 0-0: Ball
1-0: Swinging Strike
1-1: Ball
2-1: Ball
3-1: Foul Ball, location: 5F
3-2: Foul Ball, location: 3F
3-2: Base on Balls
Greg Allen to second
Batting: RHB Jose Barrero 0-0: Ball
1-0: Called Strike
1-1: Fly out, F1 (Line Drive, P, EV 66.9 MPH)
Lined into DP, 1-3 (Line Drive, P, EV 66.9 MPH)
Batting: SHB Adalberto Mondesi 0-0: Called Strike
0-1: Swinging Strike
0-2: Strikes out swinging
Bottom of the 1st over - 0 runs, 0 hits, 0 errors, 1 left on base; San Francisco 0 - Seattle 0
TOP OF THE 2ND
San Francisco Giants batting - Pitching for Seattle Mariners : RHP Luis Severino
Batting: LHB Kerry Carpenter 0-0: Ball
1-0: Ball
2-0: SINGLE (Line Drive, 5D, EV 97.5 MPH)
Batting: RHB Wilmer Flores 0-0: Ball
1-0: Called Strike
1-1: Grounds into double play, 4-6-3 (Groundball, 34, EV 109.4 MPH)
Batting: LHB Riley Greene 0-0: Foul Ball, location: 2F
0-1: Called Strike
0-2: Ball
1-2: Ball
2-2: Ground out U3 (Groundball, 3L, EV 99.4 MPH)
Top of the 2nd over - 0 runs, 1 hit, 0 errors, 0 left on base; San Francisco 0 - Seattle 0
BOTTOM OF THE 2ND
Seattle Mariners batting - Pitching for San Francisco Giants : LHP Jeffrey Springs
Batting: RHB Austin Martin 0-0: Foul Ball, location: 9LDF
0-1: Foul Ball, location: 2F
0-2: Foul Ball, location: 7LSF
0-2: Ball
1-2: Ball
2-2: Ground out 3-1 (Groundball, 34, EV 86.9 MPH)
Batting: LHB Donovan Walton 0-0: Called Strike
0-1: Foul Ball, location: 2F
0-2: Ball
1-2: Foul Ball, location: 25F
1-2: Strikes out swinging
Batting: RHB Joey Bart 0-0: Fly out, F7 (Flyball, 78M, EV 86.9 MPH)
Bottom of the 2nd over - 0 runs, 0 hits, 0 errors, 0 left on base; San Francisco 0 - Seattle 0
TOP OF THE 3RD
San Francisco Giants batting - Pitching for Seattle Mariners : RHP Luis Severino
Batting: RHB Luis Campusano 0-0: Ground out 1-3 (Groundball, 15S, EV 68.8 MPH)
Batting: LHB CJ Abrams 0-0: Fly out, F7 (Line Drive, 7, EV 93.1 MPH)
Batting: RHB Marcus Semien 0-0: Swinging Strike
0-1: Foul Ball, location: 5DF
0-2: Ball
1-2: Ball
2-2: Ball
3-2: Ground out 6-3 (Groundball, 6, EV 85.6 MPH)
Top of the 3rd over - 0 runs, 0 hits, 0 errors, 0 left on base; San Francisco 0 - Seattle 0
BOTTOM OF THE 3RD
Seattle Mariners batting - Pitching for San Francisco Giants : LHP Jeffrey Springs
Batting: LHB Michael Conforto 0-0: Ball
1-0: Foul Ball, location: 2F
1-1: Ground out 5-3 (Groundball, 5, EV 86.3 MPH)
Batting: LHB Bligh Madris 0-0: Foul Ball, location: 2F
0-1: Called Strike
0-2: Foul Ball, location: 25FF
0-2: Foul Ball, location: 25F
0-2: SOLO HOME RUN (Line Drive, 7D, EV 107.5 MPH), Distance : 396 ft
Batting: SHB Greg Allen 0-0: Called Strike
0-1: Ball
1-1: Ball
2-1: Swinging Strike
2-2: Fly out, F8 (Flyball, 78D, EV 99.4 MPH)
Batting: RHB Yairo Munoz 0-0: Foul Ball, location: 9LMF
0-1: Foul Ball, location: 2F
0-2: Strikes out swinging
Bottom of the 3rd over - 1 run, 1 hit, 0 errors, 0 left on base; San Francisco 0 - Seattle 1
TOP OF THE 4TH
San Francisco Giants batting - Pitching for Seattle Mariners : RHP Luis Severino
Batting: RHB Mookie Betts 0-0: Swinging Strike
0-1: Ball
1-1: SINGLE (Groundball, 6MD, EV 100.0 MPH)
Batting: LHB Triston Casas 0-0: Called Strike
0-1: Foul Ball, location: 2F
0-2: Ball
1-2: Ball
2-2: Foul Ball, location: 7LDF
2-2: Strikes out swinging
Batting: SHB Francisco Lindor 0-0: Ball
1-0: Foul Ball, location: 7LSF
1-1: Fly out, F7 (Flyball, 7D, EV 88.8 MPH)
Batting: LHB Kerry Carpenter 0-0: Called Strike
0-1: Ball
1-1: Fly out, F7 (Flyball, 78S, EV 90.6 MPH)
Top of the 4th over - 0 runs, 1 hit, 0 errors, 1 left on base; San Francisco 0 - Seattle 1
BOTTOM OF THE 4TH
Seattle Mariners batting - Pitching for San Francisco Giants : LHP Jeffrey Springs
Batting: RHB Jose Barrero 0-0: Ball
1-0: Fly out, F8 (Line Drive, 89M, EV 85.6 MPH)
Batting: SHB Adalberto Mondesi 0-0: Called Strike
0-1: SINGLE (Groundball, 4M, EV 106.9 MPH) (infield hit)
Batting: RHB Austin Martin 0-0: Called Strike
0-1: Called Strike
0-2: Ball
1-2: Ball
2-2: SINGLE (Line Drive, 78M, EV 102.5 MPH)
Adalberto Mondesi to second
Batting: LHB Donovan Walton 0-0: Called Strike
0-1: Called Strike
Adalberto Mondesi steals 3rd base
0-2: Strikes out swinging
Batting: RHB Joey Bart 0-0: Ball
1-0: Called Strike
1-1: Swinging Strike
1-2: Ball
2-2: Foul Ball, location: 9LDF
2-2: Foul Ball, location: 2F
2-2: Foul Ball, location: 2F
2-2: Foul Ball, location: 9LDF
2-2: Ball
3-2: Ground out 6-3 (Groundball, 6, EV 80.6 MPH)
Bottom of the 4th over - 0 runs, 2 hits, 0 errors, 2 left on base; San Francisco 0 - Seattle 1
TOP OF THE 5TH
San Francisco Giants batting - Pitching for Seattle Mariners : RHP Luis Severino
Batting: RHB Wilmer Flores 0-0: Swinging Strike
0-1: Ball
1-1: Called Strike
1-2: Strikes out swinging, 2-3 out at first.
Batting: LHB Riley Greene 0-0: Ball
1-0: Called Strike
1-1: Foul Ball, location: 2F
1-2: Foul Ball, location: 7LMF
1-2: Foul Ball, location: 2F
1-2: Ball
2-2: Fly out, F9 (Flyball, 9LSF, EV 93.8 MPH)
Batting: RHB Luis Campusano 0-0: Ball
1-0: Foul Ball, location: 2F
1-1: Swinging Strike
1-2: Ground out 5-3 (Groundball, 25, EV 81.3 MPH)
Top of the 5th over - 0 runs, 0 hits, 0 errors, 0 left on base; San Francisco 0 - Seattle 1
BOTTOM OF THE 5TH
Seattle Mariners batting - Pitching for San Francisco Giants : LHP Jeffrey Springs
Batting: LHB Michael Conforto 0-0: Called Strike
0-1: Called Strike
0-2: Ball
1-2: Ball
2-2: SINGLE (Groundball, 6S, EV 68.1 MPH) (infield hit)
Batting: LHB Bligh Madris 0-0: Ball
1-0: Swinging Strike
1-1: Ball
2-1: SINGLE (Line Drive, 8RS, EV 103.1 MPH)
Michael Conforto to second
Batting: SHB Greg Allen 0-0: Bunt missed!
0-1: Bunt missed!
0-2: Ball
1-2: Ball
2-2: Ball
3-2: SINGLE (Line Drive, 7S, EV 91.9 MPH)
Michael Conforto to third
Bligh Madris to second
Batting: RHB Yairo Munoz 0-0: Ball
1-0: Called Strike
1-1: Foul Ball, location: 23F
1-2: Strikes out swinging
Batting: RHB Jose Barrero 0-0: Ball
Wild Pitch!
Michael Conforto scores
Bligh Madris to third
Greg Allen to second
1-0: Ball
2-0: Ball
3-0: Called Strike
3-1: Ground out 6-3 (Groundball, 6, EV 83.8 MPH)
Batting: SHB Adalberto Mondesi 0-0: Fly out, F8 (Flyball, 8RD, EV 106.9 MPH)
Bottom of the 5th over - 1 run, 3 hits, 0 errors, 2 left on base; San Francisco 0 - Seattle 2
TOP OF THE 6TH
San Francisco Giants batting - Pitching for Seattle Mariners : RHP Luis Severino
Batting: LHB CJ Abrams 0-0: Ball
1-0: Ground out 6-3 (Groundball, 56, EV 75.6 MPH)
Batting: RHB Marcus Semien 0-0: Ball
1-0: Ball
2-0: Ball
3-0: Called Strike
3-1: Base on Balls
Batting: RHB Mookie Betts 0-0: Foul Ball, location: 2F
0-1: Called Strike
0-2: Ball
1-2: Foul Ball, location: 5SF
1-2: SINGLE (Groundball, 56D, EV 95.6 MPH)
Marcus Semien to second
Batting: LHB Triston Casas 0-0: Swinging Strike
0-1: Ball
1-1: Foul Ball, location: 7LMF
1-2: Ball
2-2: Strikes out swinging
Batting: SHB Francisco Lindor 0-0: Called Strike
0-1: Ball
1-1: SINGLE (Line Drive, 4M, EV 94.4 MPH)
Marcus Semien to third
Mookie Betts to second
Runner from 3rd tries for Home, SAFE, throw by CF to home
Batting: LHB Kerry Carpenter 0-0: Called Strike
0-1: Called Strike
0-2: SINGLE (Line Drive, 9LS, EV 104.4 MPH)
Mookie Betts to third
Francisco Lindor to second
Runner from 3rd tries for Home, SAFE, throw by RF to home
Batting: RHB Wilmer Flores 0-0: Fielders Choice at 2nd, U4 (Groundball, 4M, EV 81.3 MPH)
Top of the 6th over - 2 runs, 3 hits, 0 errors, 2 left on base; San Francisco 2 - Seattle 2
BOTTOM OF THE 6TH
Seattle Mariners batting - Pitching for San Francisco Giants : LHP Jeffrey Springs
Pitching: LHP Tanner Scott
Batting: RHB Austin Martin 0-0: Called Strike
0-1: Ball
1-1: Ground out 3-1 (Groundball, 34S, EV 81.9 MPH)
Batting: LHB Donovan Walton 0-0: Ball
1-0: Called Strike
1-1: Foul Ball, location: 2F
1-2: Ball
2-2: Strikes out swinging
Batting: RHB Joey Bart 0-0: Called Strike
0-1: Ball
1-1: SOLO HOME RUN (Line Drive, 7LD, EV 93.1 MPH), Distance : 352 ft
Batting: LHB Michael Conforto 0-0: Called Strike
0-1: Ball
1-1: Ground out 1-3 (Groundball, 13S, EV 73.8 MPH)
Bottom of the 6th over - 1 run, 1 hit, 0 errors, 0 left on base; San Francisco 2 - Seattle 3
TOP OF THE 7TH
San Francisco Giants batting - Pitching for Seattle Mariners : RHP Luis Severino
Batting: LHB Riley Greene 0-0: Ball
1-0: Ball
2-0: Ball
3-0: Called Strike
3-1: Called Strike
3-2: Ground out 6-3 (Groundball, 6, EV 80.6 MPH)
Batting: RHB Luis Campusano 0-0: Ball
1-0: Called Strike
1-1: Ball
2-1: Foul Ball, location: 5SF
2-2: Ball
3-2: Ground out 4-3 (Groundball, 4M, EV 100.0 MPH)
Batting: LHB CJ Abrams 0-0: Ball
1-0: Fly out, F7 (Flyball, 7LM, EV 97.5 MPH)
Top of the 7th over - 0 runs, 0 hits, 0 errors, 0 left on base; San Francisco 2 - Seattle 3
BOTTOM OF THE 7TH
Seattle Mariners batting - Pitching for San Francisco Giants : LHP Tanner Scott
Batting: LHB Bligh Madris 0-0: Ball
1-0: Called Strike
1-1: Ball
2-1: Ball
3-1: Foul Ball, location: 25FF
3-2: Base on Balls
Batting: SHB Greg Allen 0-0: Ball
1-0: Sac Bunt to 2R - play at first, batter OUT! 2-3
Bligh Madris to second
Pitching: RHP Brusdar Graterol
Batting: RHB Yairo Munoz 0-0: SINGLE (Groundball, 4MD, EV 110.0 MPH)
Bligh Madris to third
Runner from 3rd tries for Home, SAFE, throw by CF to home
Batting: RHB Jose Barrero 0-0: Called Strike
0-1: Called Strike
0-2: Strikes out looking
Batting: SHB Adalberto Mondesi 0-0: Ground out 4-3 (Groundball, 4, EV 102.5 MPH)
Bottom of the 7th over - 1 run, 1 hit, 0 errors, 1 left on base; San Francisco 2 - Seattle 4
TOP OF THE 8TH
San Francisco Giants batting - Pitching for Seattle Mariners : RHP Luis Severino
Pitching: RHP Luis Frias
Batting: RHB Marcus Semien 0-0: Called Strike
0-1: Ground out 6-3 (Groundball, 6, EV 93.1 MPH)
Batting: RHB Mookie Betts 0-0: Called Strike
0-1: Swinging Strike
0-2: Ball
1-2: Strikes out looking
Batting: LHB Triston Casas 0-0: SINGLE (Line Drive, 3D, EV 103.8 MPH)
Batting: SHB Francisco Lindor 0-0: Ball
1-0: Ball
2-0: Ball
3-0: Called Strike
3-1: Fly out, F9 (Flyball, 89M, EV 91.9 MPH)
Top of the 8th over - 0 runs, 1 hit, 0 errors, 1 left on base; San Francisco 2 - Seattle 4
BOTTOM OF THE 8TH
Seattle Mariners batting - Pitching for San Francisco Giants : RHP Brusdar Graterol
Batting: RHB Austin Martin 0-0: Called Strike
0-1: SINGLE (Groundball, 4M, EV 100.6 MPH) (infield hit)
Batting: LHB Donovan Walton 0-0: Ball
1-0: Ball
2-0: Called Strike
2-1: Ball
3-1: Called Strike
3-2: Ground out 4-3 (Groundball, 34S, EV 85.0 MPH)
Austin Martin to second
Batting: RHB Joey Bart 0-0: Ball
1-0: Ball
2-0: Called Strike
2-1: Ball
3-1: Foul Ball, location: 2F
3-2: Base on Balls
Batting: LHB Michael Conforto 0-0: Called Strike
0-1: Called Strike
0-2: Grounds into double play, 4-6-3 (Groundball, 34, EV 87.5 MPH)
Bottom of the 8th over - 0 runs, 1 hit, 0 errors, 1 left on base; San Francisco 2 - Seattle 4
TOP OF THE 9TH
San Francisco Giants batting - Pitching for Seattle Mariners : RHP Luis Frias
Pitching: RHP Nick Anderson
Now at 1B: Jose Rodriguez
Batting: LHB Kerry Carpenter 0-0: Called Strike
0-1: Ball
1-1: Foul Ball, location: 2LF
1-2: Foul Ball, location: 7LMF
1-2: Ground out 4-3 (Groundball, 4, EV 90.6 MPH)
Batting: RHB Wilmer Flores 0-0: Fly out, F9 (Flyball, 89S, EV 81.9 MPH)
Batting: LHB Riley Greene 0-0: Ball
1-0: Ground out 5-3 (Groundball, 56, EV 85.6 MPH)
Top of the 9th over - 0 runs, 0 hits, 0 errors, 0 left on base; San Francisco 2 - Seattle 4
Thursday, February 29th , 2024 - OOTP Baseball 24.11 Build 85